 Dungeon Crawl Stone Soup version 0.17.0-28-g6e173f8 (webtiles) character file.

28 homeworkjunkie the Sneak (level 2, 0/15 HPs)
             Began as a Spriggan Assassin on Dec 2, 2015.
             Slain by Robin
             ... wielding a +4 whip of electrocution
              (12 damage)
             ... on level 2 of the Dungeon.
             The game lasted 00:01:57 (624 turns).

homeworkjunkie the Sneak (Spriggan Assassin)         Turns: 624, Time: 00:01:57

Health: 0/15       AC:  3    Str:  7    XL:     2   Next: 96%
Magic:  3/3        EV: 17    Int: 12    God:
Gold:   100        SH:  0    Dex: 17    Spells: 0 memorised, 1 level left

rFire  . . .     SeeInvis +     b - +0 blowgun
rCold  . . .     Clarity  .     c - +0 robe
rNeg   . . .     SustAt   .     (shield restricted)
rPois  .         Gourm    .     (helmet restricted)
rElec  .         Spirit   .     d - +0 cloak
rCorr  .         Warding  .     (gloves unavailable)
rMut   .         Stasis   .     (boots unavailable)
MR     .....                    (no amulet)
Stlth  ++++......               (no ring)
                                (no ring)

@: very quick, not resistant to hostile enchantments, stealthy
A: unfitting armour, see invisible, herbivore 3, speed 3, slow metabolism 2
a: no special abilities


You were on level 2 of the Dungeon.
You were not hungry.

You visited 1 branch of the dungeon, and saw 2 of its levels.

You collected 100 gold pieces.

Inventory:

Hand Weapons
 a - a +2 dagger
 b - a +0 blowgun (weapon)
Missiles
 e - 2 poisoned needles (quivered)
 f - 2 curare-tipped needles
Armour
 c - a +0 robe (worn)
 d - a +0 cloak (worn)
Jewellery
 n - an uncursed ring of see invisible {unknown}
Scrolls
 h - 3 scrolls of identify {unknown}
 i - a scroll of random uselessness {unknown}
 j - 3 scrolls of recharging {unknown}
 o - a scroll of teleportation {unknown}
Potions
 l - a potion of curing {unknown}
 m - a potion of resistance {unknown}
Comestibles
 g - a bread ration
 k - 6 fruits


   Skills:
 * Level 1.8 Fighting
 * Level 2.3 Short Blades
 * Level 2.1 Throwing
 * Level 2.2 Dodging
 * Level 6.7 Stealth


You had one spell level left.
You didn't know any spells.

Dungeon Overview and Level Annotations

Branches:
Dungeon (2/15)

Altars:

Annotations:
D:2 Robin


Innate Abilities, Weirdness & Mutations

You are tiny and cannot use many weapons and most armour.
You have supernaturally acute eyesight.
You are a herbivore.
You cover ground extremely quickly.
You need consume almost no food.


Message History

Firing (i - inventory. (,) - cycle):
e - 5 poisoned needles (quivered)
Press: ? - help, Shift-Dir - straight line, f/p - Robin
Aim: Robin, wielding a whip of electrocution, wearing an animal skin and wearing a helmet (poisoned)
You shoot a poisoned needle. The poisoned needle hits Robin!
Robin looks even sicker.
Firing (i - inventory. (,) - cycle):
e - 4 poisoned needles (quivered)
Press: ? - help, Shift-Dir - straight line, f/p - Robin
Aim: Robin, wielding a whip of electrocution, wearing an animal skin and wearing a helmet (moderately wounded, poisoned)
You shoot a poisoned needle. The poisoned needle hits Robin!
Robin is moderately wounded.
The hobgoblin barely misses you. Robin closely misses you.
Firing (i - inventory. (,) - cycle):
e - 3 poisoned needles (quivered)
Press: ? - help, Shift-Dir - straight line, f/p - Robin
Aim: Robin, wielding a whip of electrocution, wearing an animal skin and wearing a helmet (heavily wounded, poisoned)
You shoot a poisoned needle.
The poisoned needle barely misses Robin.
The hobgoblin barely misses you. Robin hits you but does no damage.
You are electrocuted!
Ouch! That really hurt!
You die...

#### #.# ...# #.# ##.# #.#
.#.# #)#
.#.################.###
<#.............##.r...#####
.#############.##g#.g.....#
....,* #.....##g#.#.g##[####
....)* #.##..#@g..#(r#.....#
.....# #†##..######...###*,*
.....# #.##.......##..g.##,*
###### #.....####.###..).#,*
#############...###.#*###).#,*
............+........,,>,..#,*
......#######......!.,,,,#.#,*
......'.(........##.#*,*,*.#,*
......###........##.#*,*,*.#,*


You could see Robin, 2 hobgoblins and a rat.

Vanquished Creatures
  A giant gecko (D:1)
  A bat (D:1)
  A hobgoblin (D:1)
  A quokka (D:2)
  A giant cockroach (D:1)
  2 giant newts (D:2)
  10 goblins
  2 jackals (D:2)
  3 kobolds (D:2)
  6 rats
28 creatures vanquished.

Notes
Turn   | Place    | Note
--------------------------------------------------------------
     0 | D:1      | homeworkjunkie the Spriggan Assassin began the quest for the Orb.
     0 | D:1      | Reached XP level 1. HP: 10/10 MP: 2/2
    39 | D:1      | Reached skill level 6 in Stealth
   166 | D:2      | Reached XP level 2. HP: 10/15 MP: 3/3
   601 | D:2      | Noticed Robin
   624 | D:2      | Slain by Robin

Action                   || total
-------------------------++-------
Melee: Dagger            ||    60
 Fire: Blowgun           ||     6
  Use: Scroll            ||     3
       Potion            ||     1
 Stab: Sleeping          ||    10
